 Dungeon Crawl Stone Soup version 0.19.0-19-g8c6edcc (webtiles) character file.

10499 KarmaPolice the Jinx (level 11, -9/83 HPs)
             Began as a Vampire Skald on Nov 13, 2016.
             Was an Elder of Kikubaaqudgha.
             Killed from afar by Harold (38 damage)
             ... with a bolt of fire
             ... on level 11 of the Dungeon.
             The game lasted 00:57:07 (17740 turns).

KarmaPolice the Jinx (Vampire Skald)               Turns: 17740, Time: 00:57:07

Health: -9/83      AC:  0    Str: 12    XL:     11   Next: 37%
Magic:  20/20      EV: 19    Int: 15    God:    Kikubaaqudgha [****..]
Gold:   592        SH:  0    Dex: 21    Spells: 7 memorised, 5 levels left

rFire  . . .     SeeInvis +     (weapon currently unavailable)
rCold  + . .     Gourm    .     (armour currently unavailable)
rNeg   + + .     Faith    .     (shield currently unavailable)
rPois  +         Spirit   .     (helmet currently unavailable)
rElec  .         Reflect  .     (cloak currently unavailable)
rCorr  .         Harm     .     (gloves currently unavailable)
MR     +....                    (boots currently unavailable)
Stlth  ++++......               r - amulet of magic regeneration
                                (ring currently unavailable)
                                (ring currently unavailable)

@: bat-form, flying, regenerating slowly, slowed, quick
A: fangs 3, see invisible, (unbreathing)
a: End Transformation, Receive Corpses, Renounce Religion


You were on level 11 of the Dungeon.
You worshipped Kikubaaqudgha.
Kikubaaqudgha was greatly pleased with you.
You were thirsty.
You were in vampire-bat-form.
You visited 2 branches of the dungeon, and saw 12 of its levels.

You collected 592 gold pieces.

Inventory:

Hand Weapons
 x - a +1 falchion of electrocution (melded)
 H - a +1 scimitar of flaming
 M - a +1 short sword of venom
Armour
 b - a +0 leather armour (melded)
 s - a +0 cloak (melded)
 t - a +0 pair of gloves (melded)
Jewellery
 p - a +4 ring of protection (melded)
 r - an amulet of magic regeneration (around neck)
Wands
 d - a wand of teleportation (5/9)
 w - a wand of acid (8/15)
 G - a wand of slowing (24/48)
 L - a wand of random effects (15/48)
Scrolls
 e - 2 scrolls of magic mapping
 f - 5 scrolls of recharging
 g - 6 scrolls of remove curse
 j - 3 scrolls of enchant weapon {unknown}
 k - 2 scrolls of random uselessness {unknown}
 m - 3 scrolls of identify
 o - 9 scrolls of teleportation
 y - a scroll of acquirement {unknown}
 z - a scroll of enchant armour {unknown}
 A - 2 scrolls of noise {unknown}
 D - a scroll of blinking {unknown}
 F - a scroll of fear {unknown}
 J - a scroll of immolation {unknown}
 K - a scroll of amnesia {unknown}
 N - a scroll of vulnerability {unknown}
Potions
 a - 15 potions of blood
 h - a potion of might
 i - 3 potions of agility
 l - 4 potions of flight {unknown}
 n - 4 potions of cancellation
 q - 4 potions of curing {unknown}
 v - a potion of heal wounds {unknown}
 I - 2 potions of berserk rage
Books
 c - a book of Battle

   Spells                             Type                      Level
   a - Infusion                       Charms                       1
   b - Shroud of Golubria             Charms/Translocation         2
   c - Song of Slaying                Charms                       2
   d - Spectral Weapon                Hexes/Charms                 3
   e - Regeneration                   Charms/Necromancy            3
 u - Daumpoat's Disquisition on Dislocated Venom
   (You found it on level 5 of the Dungeon)

   Spells                             Type                      Level
   a - Blink                          Translocation                2
   b - Olgreb's Toxic Radiance        Poison                       4
   c - Poisonous Cloud                Conjuration/Poison/Air       6
   d - Controlled Blink               Translocation                8
 B - Kikubaaqudgha's Volume of Evil Arts
   (Kikubaaqudgha gifted it to you on level 10 of the Dungeon)

   Spells                             Type                      Level
   a - Animate Dead                   Necromancy                   4
   b - Excruciating Wounds            Charms/Necromancy            5
   c - Dispel Undead                  Necromancy                   5
   d - Simulacrum                     Ice/Necromancy               6
   e - Death Channel                  Necromancy                   6
 C - Sif Muna's Volume of Quantum Lightness
   (You found it on level 6 of the Dungeon)

   Spells                             Type                      Level
   a - Shroud of Golubria             Charms/Translocation         2
   b - Swiftness                      Charms/Air                   2
   c - Static Discharge               Conjuration/Air              3
   d - Portal Projectile              Translocation                3
   e - Airstrike                      Air                          4
   f - Deflect Missiles               Charms/Air                   6
 E - Kikubaaqudgha's Guide on Unholy Magic
   (Kikubaaqudgha gifted it to you on level 6 of the Dungeon)

   Spells                             Type                      Level
   a - Pain                           Necromancy                   1
   b - Corpse Rot                     Necromancy                   2
   c - Sublimation of Blood           Necromancy                   2
   d - Vampiric Draining              Necromancy                   3
   e - Control Undead                 Necromancy                   4


   Skills:
 + Level 6.7 Fighting
 + Level 9.3 Long Blades
 - Level 0.7 Armour
 - Level 1.1 Dodging
 - Level 6.1 Spellcasting
 - Level 10.0 Hexes
 - Level 6.0 Charms
 + Level 9.4 Necromancy
 + Level 2.0 Translocations


You had 5 spell levels left.
You knew the following spells:

 Your Spells              Type           Power        Failure   Level  Hunger
a - Infusion              Chrm           ###.         1%          1    None
b - Shroud of Golubria    Chrm/Tloc      ###.......   4%          2    #......
c - Song of Slaying       Chrm           ###.....     1%          2    #......
d - Regeneration          Chrm/Necr      ####......   1%          3    ##.....
e - Confuse               Hex            ####....     1%          3    ##.....
f - Tukima's Dance        Hex            ####....     1%          3    ##.....
g - Dazzling Spray        Conj/Hex       ###...       6%          3    ##.....


Dungeon Overview and Level Annotations

Branches:
Dungeon (11/15)            Temple (1/1) D:5            Lair (0/6) D:10
    Orc (0/2) D:11

Altars:
Ashenzari
Cheibriados
Dithmenos
Elyvilon
Gozag
Hepliaklqana
Kikubaaqudgha
Makhleb
Nemelex Xobeh
Okawaru
Qazlal
Ru
Sif Muna
Trog
Uskayaw
Vehumet
Xom
Yredelemnul
Zin
The Shining One
Beogh

Shops:
D:6 %

Annotations:
D:4 mmcf's ghost, amateur FoFi
D:11 Harold


Innate Abilities, Weirdness & Mutations

You heal slowly.
You have razor-sharp teeth.
You have supernaturally acute eyesight. (SInv)
((You can survive without breathing.))


Message History

There is an open door here.
You see here a quarterstaff.
There is an open door here.
There is an open door here.
You found a teleport trap!
There is an open door, spattered with blood here.
You reach down and close the door.
A troll opens the door.
A troll is nearby!
Okay, then.
There is an open door here.
You reach down and close the door.
Something unseen opens the door.
One of your 16 potions of blood rots away.
Harold shouts!
Harold throws a throwing net.
The throwing net barely misses you.
Unknown command.
Harold gestures at you while chanting. The bolt of fire hits you!
You die...
Kikubaaqudgha rasps: "You have failed me!
Welcome... oblivion!"

### #####'####### ##'#####
#.# #.%..# #@# ######+##
###'##### #....%..# #>......#
#.......# #########.......#
#.......# ...T.T..#...(...#
#.......#
#######.#.....T.#####.......#
#.'.......b...'.......#
###.......#####.....(.#
#.......# #.......# #.......#
#.......# ######'## #.......#
#.# #.......# #.# ###+#####
##.# #.## ##..# #..#


You could see Harold and a troll.

Vanquished Creatures
  Erica (D:9)
  Sonja (D:10)
  Joseph (D:9)
  A komodo dragon (D:10)
  A two-headed ogre (D:9)
  Prince Ribbit (D:9)
  4 hippogriffs
  9 yaks (D:11)
  A hungry ghost (D:9)
  An eye of draining (D:10)
  4 black bears
  4 orc warriors
  3 ice beasts
  3 sky beasts
  4 phantoms
  2 necrophages
  3 ogres
  2 centaurs
  A crocodile (D:9)
  5 bullfrogs
  A big kobold (D:8)
  A wyvern skeleton (D:10)
  3 scorpions
  18 killer bees
  A howler monkey (D:6)
  10 wights (D:10)
  5 crimson imps
  2 centaur zombies
  8 hounds
  3 jellies
  7 orc wizards
  9 orc priests
  A bullfrog skeleton (D:6)
  Terence (D:2)
  Jessica (D:2)
  Natasha (thrice) (D:2)
  An iguana (D:9)
  2 worker ants
  2 hound zombies
  14 gnolls
  8 adders
  2 shadow imps (D:7)
  An ooze (D:1)
  An adder zombie (D:9)
  6 dart slugs
  8 leopard geckos
  45 orcs
  A bat zombie (D:2)
  7 giant cockroaches
  5 goblins
  6 hobgoblins
  5 jackals
  6 quokkas
  2 ball pythons
  A ball python zombie (D:2)
  10 bats
  9 frilled lizards
  A giant cockroach zombie (D:6)
  10 kobolds
  A quokka zombie (D:6)
  8 rats
288 creatures vanquished.

Vanquished Creatures (collateral kills)
  An ogre (D:8)
  2 orcs (D:11)
3 creatures vanquished.

Vanquished Creatures (others)
  6 plants (D:10)
6 creatures vanquished.

Grand Total: 297 creatures vanquished

Notes
Turn   | Place    | Note
-------+----------+-------------------------------------------
     0 | D:1      | KarmaPolice the Vampire Skald began the quest for the Orb.
     0 | D:1      | Reached XP level 1. HP: 16/16 MP: 3/3
   237 | D:1      | Reached XP level 2. HP: 19/22 MP: 5/5
   294 | D:1      | Learned a level 2 spell: Shroud of Golubria
   297 | D:1      | Learned a level 2 spell: Song of Slaying
   528 | D:1      | Reached XP level 3. HP: 24/27 MP: 6/6
   711 | D:2      | Found a shadowy altar of Dithmenos.
   828 | D:2      | Found an opulent altar of Gozag.
   834 | D:2      | Found a shimmering altar of Xom.
   834 | D:2      | Found a burning altar of Makhleb.
   834 | D:2      | Found a stormy altar of Qazlal.
   836 | D:2      | Found a sparkling altar of Nemelex Xobeh.
   837 | D:2      | Found a white marble altar of Elyvilon.
  1326 | D:2      | Noticed Jessica
  1336 | D:2      | Killed Jessica
  1336 | D:2      | Reached XP level 4. HP: 29/34 MP: 2/8
  1514 | D:2      | Noticed Natasha
  1520 | D:2      | Killed Natasha
  1581 | D:2      | Noticed Terence
  1853 | D:3      | Learned a level 3 spell: Regeneration
  1973 | D:2      | Noticed Natasha
  1981 | D:2      | Killed Natasha
  1981 | D:2      | Reached XP level 5. HP: 28/40 MP: 4/9
  2355 | D:2      | Killed Terence
  2355 | D:2      | Reached skill level 1 in Necromancy
  2496 | D:2      | Noticed Natasha
  2502 | D:2      | Killed Natasha
  2866 | D:3      | Found a shattered altar of Ashenzari.
  2870 | D:3      | Saw a vision of the Shoals and the Snake Pit.
  2870 | D:3      | Noticed a merfolk
  2870 | D:3      | Noticed a siren
  2870 | D:3      | Noticed a merfolk
  2870 | D:3      | Noticed a merfolk
  2870 | D:3      | Noticed a siren
  2870 | D:3      | Noticed a centaur
  2870 | D:3      | Noticed a siren
  2870 | D:3      | Noticed a merfolk
  2870 | D:3      | Noticed a naga
  2870 | D:3      | Noticed a naga
  2870 | D:3      | Noticed a black mamba
  2871 | D:3      | Noticed a black mamba
  2871 | D:3      | Noticed a naga warrior
  2872 | D:3      | Noticed a hippogriff
  2872 | D:3      | Noticed a naga
  3358 | D:4      | Reached XP level 6. HP: 46/47 MP: 10/10
  5251 | D:4      | Reached skill level 5 in Charms
  5251 | D:4      | Reached XP level 7. HP: 17/53 MP: 3/11
  5714 | D:4      | Noticed mmcf's ghost (amateur FoFi)
  6099 | D:5      | Entered Level 5 of the Dungeon
  6115 | D:5      | Found a staircase to the Ecumenical Temple.
  6124 | Temple   | Entered the Ecumenical Temple
  6169 | Temple   | Became a worshipper of Kikubaaqudgha
  6242 | D:5      | Found a basalt altar of Yredelemnul.
  6254 | D:5      | Identified Daumpoat's Disquisition on Dislocated Venom
  6351 | D:5      | Found a sacrificial altar of Ru.
  6562 | D:5      | Found an opulent altar of Gozag.
  7621 | D:6      | Reached skill level 5 in Long Blades
  7834 | D:6      | Found a radiant altar of Vehumet.
  7852 | D:6      | Reached XP level 8. HP: 57/61 MP: 5/12
  8163 | D:5      | Learned a level 3 spell: Confuse
  8566 | D:6      | Found Iclovver's Food Shoppe.
  8723 | D:6      | Reached skill level 1 in Hexes
  8858 | D:6      | Identified Sif Muna's Volume of Quantum Lightness
  8906 | D:6      | Noticed a hippogriff
  9019 | D:6      | Reached * piety under Kikubaaqudgha
  9019 | D:6      | Identified Kikubaaqudgha's Guide on Unholy Magic (Kikubaaqudgha gifted it to you on level 6 of the Dungeon)
  9019 | D:6      | Received a gift from Kikubaaqudgha
  9116 | D:6      | Killed a hippogriff
  9116 | D:6      | Reached skill level 5 in Fighting
  9116 | D:6      | Reached skill level 2 in Hexes
  9116 | D:6      | Reached skill level 5 in Necromancy
  9347 | D:7      | Noticed a hippogriff
  9362 | D:6      | Killed a hippogriff
  9362 | D:6      | Reached skill level 3 in Hexes
  9945 | D:7      | Reached skill level 4 in Hexes
  9974 | D:7      | Learned a level 3 spell: Tukima's Dance
 10429 | D:7      | Reached XP level 9. HP: 59/68 MP: 6/14
 11065 | D:7      | Reached skill level 5 in Hexes
 11092 | D:7      | You fall through a shaft for 3 floors!
 11092 | D:10     | Entered Level 10 of the Dungeon
 11479 | D:8      | Found a hide-covered altar of Uskayaw.
 11677 | D:8      | Reached skill level 6 in Hexes
 12125 | D:8      | Learned a level 3 spell: Dazzling Spray
 12684 | D:9      | Noticed Joseph
 12699 | D:9      | Noticed Prince Ribbit
 12735 | D:9      | Killed Prince Ribbit
 12735 | D:9      | Reached skill level 5 in Spellcasting
 12854 | D:9      | Reached skill level 7 in Hexes
 12891 | D:9      | Reached XP level 10. HP: 50/74 MP: 3/17
 13948 | D:9      | Reached ** piety under Kikubaaqudgha
 14023 | D:9      | Reached skill level 8 in Hexes
 14051 | D:9      | Noticed Erica
 14065 | D:9      | Killed Erica
 14310 | D:9      | Noticed a cyclops
 14646 | D:10     | Reached skill level 9 in Hexes
 14778 | D:9      | Killed Joseph
 15146 | D:10     | Reached *** piety under Kikubaaqudgha
 15146 | D:10     | Identified Kikubaaqudgha's Volume of Evil Arts (Kikubaaqudgha gifted it to you on level 10 of the Dungeon)
 15146 | D:10     | Received a gift from Kikubaaqudgha
 15279 | D:10     | Noticed Sonja
 15349 | D:10     | Killed Sonja
 15349 | D:10     | Reached skill level 10 in Hexes
 15349 | D:10     | Reached XP level 11. HP: 81/81 MP: 4/20
 15476 | D:10     | Found a staircase to the Lair.
 15767 | D:11     | Noticed Harold
 16050 | D:11     | Reached skill level 1 in Translocations
 16726 | D:11     | Found a roughly hewn altar of Beogh.
 16726 | D:11     | Found a staircase to the Orcish Mines.
 17414 | D:11     | Reached **** piety under Kikubaaqudgha
 17740 | D:11     | Killed from afar by Harold

Skill      XL: |  1  2  3  4  5  6  7  8  9 10 11 |
---------------+----------------------------------+-----
Fighting       | 2 3 4 5 6 |  6.7
Long Blades    | 3 4 5 6 7 9 |  9.3
Charms         | 4 5 6 |  6.0
Spellcasting   | 3 5 6 |  6.1
Necromancy     | 1 2 4 5 7 8 9 |  9.4
Hexes          | 4 7 10 | 10.0
Translocations | 2 |  2.0
Armour         | |  0.7
Dodging        | |  1.1

Action                   |  1- 3 |  4- 6 |  7- 9 | 10-12 || total
-------------------------+-------+-------+-------+-------++-------
Melee: Falchion          |    97 |   152 |   391 |   366 ||  1006
       Bite              |     9 |    30 |    38 |    47 ||   124
       Unarmed           |    14 |    29 |    28 |     4 ||    75
 Cast: Infusion          |     2 |    12 |    49 |    35 ||    98
       Shroud of Golubri |       |     6 |    34 |    20 ||    60
       Song of Slaying   |       |     3 |    14 |    20 ||    37
       Regeneration      |       |     1 |    28 |    38 ||    67
       Tukima's Dance    |       |       |     1 |     7 ||     8
       Confuse           |       |       |       |     7 ||     7
       Dazzling Spray    |       |       |       |     3 ||     3
 Abil: Bat Form          |     4 |     8 |    42 |    38 ||    92
       End Transformatio |     4 |     8 |    42 |    37 ||    91
  Use: Potion            |       |     2 |    12 |    10 ||    24
       Scroll            |       |       |     8 |     5 ||    13
 Stab: Sleeping          |     2 |     4 |     6 |     1 ||    13
       Distracted        |       |       |     1 |       ||     1
       Confused          |       |       |       |     3 ||     3
  Eat: Corpse            |       |     4 |     7 |     6 ||    17
Armor: Leather armour    |    54 |    30 |   188 |    94 ||   366
Dodge: Dodged            |    94 |   122 |   290 |   177 ||   683
       Rpst.: Falchion   |    26 |    36 |    60 |    51 ||   173
